 Dungeon Crawl Stone Soup version 0.28-a0-1190-g77e1c55843 (webtiles) character file.

Game seed: 2907286120650616941

2539 Gargoyl the Skirmisher (level 9, -1/74 HPs)
             Began as a Gnoll Abyssal Knight on Dec 18, 2021.
             Was a Believer of Lugonu.
             Slain by a hornet (11 damage)
             ... on level 7 of the Dungeon.
             The game lasted 00:07:12 (8271 turns).

Gargoyl the Skirmisher (Gnoll Abyssal Knight)       Turns: 8271, Time: 00:07:13

Health: -1/74      AC: 17    Str: 17    XL:     9   Next: 55%
Magic:  15/15      EV:  8    Int: 10    God:    Lugonu [**....]
Gold:   27         SH:  0    Dex: 12    Spells: 16/16 levels left

rFire   . . .      SeeInvis .   c - +0 broad axe (freeze)
rCold   + . .      Faith    .   (no shield)
rNeg    . . .      Spirit   .   j - +3 chain mail
rPois   .          Reflect  .   (no helmet)
rElec   .          Harm     .   q - +0 cloak
rCorr   .          Rampage  .   b - +0 pair of gloves
Will    .....                   p - +0 pair of boots
Stlth   ..........              (no amulet)
HPRegen 0.22/turn               m - ring of protection from cold
MPRegen 0.14/turn               (no ring)

@: invisible
A: fangs 1, strong nose, distributed training
a: Renounce Religion, Depart the Abyss, Bend Space


You were on level 7 of the Dungeon.
You worshipped Lugonu.
Lugonu was pleased with you.
You visited 1 branch of the dungeon, and saw 7 of its levels.
You visited the Abyss 1 time.

You collected 427 gold pieces.
You spent 400 gold pieces at shops.

Inventory:

Hand Weapons
 a - a +1 hand axe
 c - a +0 broad axe of freezing (weapon)
Armour
 b - a +0 pair of gloves (worn)
 j - a +3 chain mail (worn)
 p - a +0 pair of boots (worn)
 q - a +0 cloak (worn)
Jewellery
 m - a ring of protection from cold (left hand)
Wands
 h - a wand of flame (18)
Scrolls
 k - a scroll of holy word
 r - 3 scrolls of teleportation
 s - a scroll of fog
Potions
 f - a potion of invisibility
 g - a potion of brilliance
 i - a potion of flight


   Skills:
 + Level 7.9 Fighting
 + Level 4.3 Short Blades
 + Level 4.3 Long Blades
 + Level 6.4 Axes
 + Level 4.3 Maces & Flails
 + Level 4.3 Polearms
 + Level 4.3 Staves
 + Level 4.3 Slings
 + Level 4.3 Bows
 + Level 4.3 Crossbows
 + Level 4.3 Throwing
 + Level 6.4 Armour
 + Level 5.1 Dodging
 + Level 4.3 Stealth
 + Level 4.3 Shields
 + Level 4.3 Unarmed Combat
 + Level 4.3 Spellcasting
 + Level 3.6 Conjurations
 + Level 3.6 Hexes
 + Level 3.6 Summonings
 + Level 3.6 Necromancy
 + Level 3.6 Translocations
 + Level 3.6 Transmutations
 + Level 3.6 Fire Magic
 + Level 3.6 Ice Magic
 + Level 3.6 Air Magic
 + Level 3.6 Earth Magic
 + Level 3.6 Poison Magic
 + Level 6.7 Invocations
 + Level 4.3 Evocations


You had 16 spell levels left.
You didn't know any spells.
Your spell library contained the following spells:

 Spells                   Type           Power      Damage    Failure   Level
 Beastly Appendage        Tmut           18%        N/A       56%         1
 Foxfire                  Conj/Fire      36%        2x1d5     56%         1
 Freeze                   Ice            36%        1d6       56%         1
 Wereblood                Tmut           9%         N/A       71%         2
 Call Canine Familiar     Summ           9%         N/A       90%         3
 Conjure Flame            Conj/Fire      9%         6-21      90%         3
 Frozen Ramparts          Ice            18%        1d3       90%         3
 Inner Flame              Hex/Fire       9%         N/A       90%         3
 Portal Projectile        Hex/Tloc       18%        N/A       90%         3
 Spider Form              Tmut/Pois      9%         N/A       90%         3
 Flame Wave               Conj/Fire      9%         2d4       100%        4
 Hailstorm                Conj/Ice       9%         3d4       100%        4
 Leda's Liquefaction      Hex/Erth       4%         N/A       100%        4
 Blade Hands              Tmut           4%         N/A       100%        5
 Excruciating Wounds      Necr           4%         N/A       100%        5


Dungeon Overview and Level Annotations

Branches:
Dungeon (7/15)             Temple (0/1) D:7

Altars:
Gozag
Nemelex Xobeh
Vehumet

Shops:
D:2 ?


Innate Abilities, Weirdness & Mutations

You have very sharp teeth.
Your uncanny sense of smell can sniff out nearby items.
Your experience applies equally to all skills.


Message History

You can move again.
You barely miss the hornet. You bite the hornet, but do no damage.
The hornet is moderately wounded.
You feel sick. The hornet stings you.
You feel yourself slow down. The hornet barely misses you.
You hit the hornet. You freeze the hornet.
The hornet is heavily wounded.
You feel sick. The hornet stings you.
You shrug off the repeated paralysis!
The hornet stings you but does no damage.
You closely miss the hornet.
The hornet is heavily wounded.
You feel yourself speed up.
You feel sick.
You are no longer poisoned.
The hornet stings you but does no damage. x3
You miss the hornet.
The hornet is heavily wounded.
The hornet barely misses you. The hornet stings you.
You feel yourself slow down.
You closely miss the hornet. Your bite misses the hornet.
The hornet is heavily wounded.
You feel yourself speed up.
The hornet stings you but does no damage.
The hornet stings you!
You suddenly lose the ability to move!
The hornet stings you!
* * * LOW HITPOINT WARNING * * *
You feel yourself slow down.
You can move again.
Okay, then.
Unknown command.
Okay, then.
You fade into invisibility!
The hornet closely misses you. The hornet stings you.
* * * LOW HITPOINT WARNING * * *
You feel as though you will be slow longer.
You closely miss the hornet.
The hornet is heavily wounded.
You feel yourself speed up. The hornet barely misses you.
The hornet stings you!
You die...

#.# ###.# ##
.######...####### #
.............(.....
#.##.#######.#########
#.....# #....# #.....
#.##### #....y##.#...#
##### #.@..#...# #...#
#######..#####...#
#.#####..........'...#
#................#...#
#######..............##
#..............##
#...##...##..#.##
###.##...##....##
#.........#####


You could see a hornet.

Vanquished Creatures
  A hornet (D:5)
  Sigmund (D:2)
  A steam dragon (D:7)
  A water moccasin (D:7)
  Duvessa (D:7)
  A black bear (D:6)
  An orc warrior (D:6)
  An ice beast (D:6)
  A sky beast (D:6)
  3 necrophages
  An ogre (D:7)
  A phantom (D:5)
  Blork the orc (D:4)
  A bullfrog (D:7)
  2 scorpions
  A water moccasin zombie (D:5)
  A wyvern skeleton (D:7)
  Dowan (D:7)
  A centaur zombie (D:7)
  A centaur skeleton (D:6)
  4 hounds
  A jelly (D:6)
  Crazy Yiuf (D:6)
  Jessica (D:3)
  Natasha (thrice) (D:2)
  4 iguanas
  A hound skeleton (D:5)
  4 adders (D:2)
  3 gnolls (D:6)
  A howler monkey skeleton (D:6)
  A shadow imp (D:5)
  A white imp (D:6)
  An ufetubus (D:5)
  An adder skeleton (D:4)
  2 dart slugs (D:2)
  8 orcs
  3 ball pythons
  6 bats
  9 endoplasms
  A giant cockroach (D:1)
  5 goblins
  5 hobgoblins
  3 jackals (D:1)
  9 kobolds
  2 quokkas (D:2)
  4 frilled lizards
  6 rats
113 creatures vanquished.

Vanquished Creatures (others)
  A killer bee zombie (D:7)
  2 plants (D:2)
3 creatures vanquished.

Grand Total: 116 creatures vanquished

Notes
Turn   | Place    | Note
-------+----------+-------------------------------------------
     0 | Abyss:1  | Gargoyl the Gnoll Abyssal Knight began the quest for the
                  | Orb.
     0 | Abyss:1  | Reached XP level 1. HP: 23/23 MP: 3/3
    16 | Abyss:2  | Noticed an apocalypse crab
    63 | Abyss:2  | Noticed a large abomination
    73 | Abyss:2  | Noticed a starcursed mass
    76 | D:1      | Escaped the Abyss
   400 | D:1      | Reached * piety under Lugonu
   553 | D:1      | Reached XP level 2. HP: 28/29 MP: 5/5
  1071 | D:1      | Reached XP level 3. HP: 35/35 MP: 6/6
  1169 | D:1      | Found a faded altar of an unknown god.
  1684 | D:2      | Found Oqurgh's Magic Scroll Emporium.
  1693 | D:2      | Noticed Natasha
  1701 | D:2      | Killed Natasha
  1702 | D:2      | Reached skill level 1 in Short Blades
  1702 | D:2      | Reached skill level 1 in Long Blades
  1702 | D:2      | Reached skill level 1 in Maces & Flails
  1702 | D:2      | Reached skill level 1 in Polearms
  1702 | D:2      | Reached skill level 1 in Staves
  1702 | D:2      | Reached skill level 1 in Slings
  1702 | D:2      | Reached skill level 1 in Bows
  1702 | D:2      | Reached skill level 1 in Crossbows
  1702 | D:2      | Reached skill level 1 in Throwing
  1702 | D:2      | Reached skill level 1 in Stealth
  1702 | D:2      | Reached skill level 1 in Shields
  1702 | D:2      | Reached skill level 1 in Unarmed Combat
  1702 | D:2      | Reached skill level 1 in Spellcasting
  1702 | D:2      | Reached skill level 1 in Evocations
  1702 | D:2      | Reached XP level 4. HP: 31/41 MP: 7/7
  1892 | D:2      | Noticed Natasha
  1898 | D:2      | Killed Natasha
  2093 | D:2      | Reached skill level 1 in Conjurations
  2093 | D:2      | Reached skill level 1 in Hexes
  2093 | D:2      | Reached skill level 1 in Summonings
  2093 | D:2      | Reached skill level 1 in Necromancy
  2093 | D:2      | Reached skill level 1 in Translocations
  2093 | D:2      | Reached skill level 1 in Transmutations
  2093 | D:2      | Reached skill level 1 in Fire Magic
  2093 | D:2      | Reached skill level 1 in Ice Magic
  2093 | D:2      | Reached skill level 1 in Air Magic
  2093 | D:2      | Reached skill level 1 in Earth Magic
  2093 | D:2      | Reached skill level 1 in Poison Magic
  2142 | D:2      | Noticed Natasha
  2147 | D:2      | Killed Natasha
  2154 | D:2      | Reached XP level 5. HP: 32/47 MP: 8/8
  2340 | D:2      | Noticed Sigmund
  2353 | D:2      | Killed Sigmund
  2354 | D:2      | Reached skill level 5 in Axes
  2354 | D:2      | Reached skill level 5 in Armour
  2354 | D:2      | Reached skill level 5 in Invocations
  2354 | D:2      | Reached XP level 6. HP: 28/53 MP: 9/9
  2791 | D:2      | Reached ** piety under Lugonu
  3131 | D:3      | Noticed Jessica
  3146 | D:3      | Killed Jessica
  3752 | D:3      | Found a sparkling altar of Nemelex Xobeh.
  3753 | D:3      | Found an opulent altar of Gozag.
  4098 | D:2      | Bought a scroll of brand weapon for 200 gold pieces
  4286 | D:4      | Noticed Blork the orc
  4302 | D:4      | Killed Blork the orc
  4303 | D:4      | Reached XP level 7. HP: 13/59 MP: 10/10
  5271 | D:5      | Entered Level 5 of the Dungeon
  5279 | D:5      | Reached skill level 7 in Fighting
  5358 | D:5      | Noticed a hornet
  5361 | D:5      | Paralysed by a hornet for 3 turns
  5366 | D:5      | Killed a hornet
  5368 | D:5      | Reached XP level 8. HP: 33/67 MP: 12/12
  5679 | D:5      | Found a radiant altar of Vehumet.
  6281 | D:6      | Identified the +1 robe "Ommo" {Will+ Dex+3}
  6555 | D:6      | Reached XP level 9. HP: 68/73 MP: 14/14
  6630 | D:6      | Found a runed translucent door.
  6631 | D:6      | Noticed Crazy Yiuf
  6865 | D:6      | Killed Crazy Yiuf
  7140 | D:2      | Bought a scroll of brand weapon for 200 gold pieces
  7395 | D:7      | Found a staircase to the Ecumenical Temple.
  7458 | D:7      | Noticed Duvessa
  7458 | D:7      | Noticed Dowan
  7467 | D:7      | Killed Duvessa
  7471 | D:7      | Reached skill level 5 in Dodging
  7478 | D:7      | Killed Dowan
  8261 | D:7      | Noticed a hornet
  8263 | D:7      | Paralysed by a hornet for 3 turns
  8269 | D:7      | Paralysed by a hornet for 1 turns
  8271 | D:7      | Slain by a hornet

Illustrated notes

Levels and vault maps discovered:
D:1:      elethiomel_arrival_infinity_welcomes_careful_drivers,
          layout_loops_corners, ebering_ecumenical_altar_mist
D:2:      layout_loops_corners, serial_shops, nicolae_diamond_shop,
          grunt_ministairs_15, columned_hall_lemuel, serial_bayou_lagoon_a,
          minmay_indecisive_spiral, uniq_sigmund, uniq_natasha
D:3:      layout_loops_ring, grunt_temple_overflow_opulence, uniq_jessica
D:4:      layout_basic, uniq_blork_the_orc
D:5:      layout_gridville, lemuel_round_altar
D:6:      layout_loops_ring, uniq_crazy_yiuf_cottage
D:7:      layout_basic, minmay_temple_entry_stoned_glass, uniq_duvessa

Skill      XL: |  1  2  3  4  5  6  7  8  9 |
---------------+----------------------------+-----
Short Blades   | 1 2 3 4 |  4.3
Long Blades    | 1 2 3 4 |  4.3
Maces & Flails | 1 2 3 4 |  4.3
Polearms       | 1 2 3 4 |  4.3
Staves         | 1 2 3 4 |  4.3
Slings         | 1 2 3 4 |  4.3
Bows           | 1 2 3 4 |  4.3
Crossbows      | 1 2 3 4 |  4.3
Throwing       | 1 2 3 4 |  4.3
Stealth        | 1 2 3 4 |  4.3
Shields        | 1 2 3 4 |  4.3
Unarmed Combat | 1 2 3 4 |  4.3
Spellcasting   | 1 2 3 4 |  4.3
Evocations     | 1 2 3 4 |  4.3
Conjurations   | 1 2 3 |  3.6
Hexes          | 1 2 3 |  3.6
Summonings     | 1 2 3 |  3.6
Necromancy     | 1 2 3 |  3.6
Translocations | 1 2 3 |  3.6
Transmutations | 1 2 3 |  3.6
Fire Magic     | 1 2 3 |  3.6
Ice Magic      | 1 2 3 |  3.6
Air Magic      | 1 2 3 |  3.6
Earth Magic    | 1 2 3 |  3.6
Poison Magic   | 1 2 3 |  3.6
Axes           | 5 6 |  6.4
Armour         | 5 6 |  6.4
Dodging        | 3 4 5 |  5.1
Invocations    | 5 6 |  6.7
Fighting       | 7 |  7.9

Action                   |  1- 3 |  4- 6 |  7- 9 || total
-------------------------+-------+-------+-------++-------
Melee: Broad axe         |    71 |   103 |   137 ||   311
       Bite              |     5 |    11 |    14 ||    30
       Punch             |       |     1 |     1 ||     2
Invok: Depart the Abyss  |     1 |       |       ||     1
       Bend Space        |       |       |     1 ||     1
  Use: Potion            |     1 |     1 |     2 ||     4
       Scroll            |     3 |     4 |    11 ||    18
Armor: Leather armour    |    12 |       |       ||    12
       Ring mail         |    13 |    53 |       ||    66
       Chain mail        |       |     3 |   126 ||   129
Dodge: Dodged            |    61 |    92 |    78 ||   231

Table legend: (Time is in decaauts)
 A = Elapsed time spent in this place.
 B = Non-inter-level travel time spent in this place.
 C = Inter-level travel time spent in this place.
 D = Time resting spent in this place.
 E = Time spent auto-exploring this place.
 F = Levels seen in this place.
 G = Mean time per level.
                   A        B        C        D        E       F      G
               +--------+--------+--------+--------+--------+-----+--------+
         Total |   8410 |   7811 |    599 |    527 |   6060 |   9 |  934.4 |
       Dungeon |   8334 |   7735 |    599 |    527 |   6053 |   7 | 1190.6 |
         Abyss |     75 |     75 |      0 |      0 |      7 |   2 |   37.5 |
               +--------+--------+--------+--------+--------+-----+--------+

Top non-repeatable levels by time:
     D:2: 1779 daAuts
     D:4: 1404 daAuts
     D:1: 1389 daAuts
     D:6: 1142 daAuts
     D:7: 1056 daAuts
     D:3: 859 daAuts
     D:5: 704 daAuts
 Abyss:2: 69 daAuts
 Abyss:1: 6 daAuts
